 Dungeon Crawl Stone Soup version 0.23-a0-350-g6fd5563 (webtiles) character file.

93 JeffiDaFish the Sneak (level 4, -1/21 HPs)
             Began as a Spriggan Enchanter on Oct 21, 2018.
             Slain by an orc
             ... wielding a +0 club
              (4 damage)
             ... on level 3 of the Dungeon.
             The game lasted 00:06:17 (2909 turns).

JeffiDaFish the Sneak (Spriggan Enchanter)          Turns: 2909, Time: 00:06:18

Health: -1/21      AC:  2    Str:  4    XL:     4   Next: 37%
Magic:  1/11       EV: 19    Int: 17    God:
Gold:   29         SH:  0    Dex: 16    Spells: 5/11 levels left

rFire    . . .     SeeInvis +   a - +1 dagger
rCold    . . .     Gourm    .   (shield restricted)
rNeg     . . .     Faith    .   b - +0 robe
rPois    .         Spirit   .   (helmet restricted)
rElec    .         Reflect  .   (no cloak)
rCorr    .         Harm     .   (gloves unavailable)
MR       .....                  (boots unavailable)
Stlth    ++++......             (no amulet)
HPRegen  0.07/turn              c - ring of flight
MPRegen  0.12/turn              e - ring of stealth

@: very slightly contaminated, very quick
A: very small, unfitting armour, see invisible, herbivore, speed 3, slow
metabolism 2
a: Evoke Flight


You were on level 3 of the Dungeon.
You were near starving.

You visited 1 branch of the dungeon, and saw 3 of its levels.

You collected 29 gold pieces.

Inventory:

Hand Weapons
 a - a +1 dagger (weapon)
Armour
 b - a +0 robe (worn)
Jewellery
 c - a ring of flight (left hand)
 e - a ring of stealth (right hand)
 h - a cursed -2 ring of strength {unknown}
Scrolls
 g - a scroll of blinking
Potions
 f - a potion of curing
Comestibles
 d - 3 rations


   Skills:
 - Level 1.1 Short Blades
 + Level 3.9 Dodging
 + Level 5.1 Stealth
 * Level 4.0 Spellcasting
 * Level 4.3 Hexes
 + Level 0.8 Ice Magic


You had 5 spell levels left.
You knew the following spells:

 Your Spells              Type           Power        Failure   Level  Hunger
a - Corona                Hex            ###....      2%          1    None
b - Ensorcelled Hibernat  Hex/Ice        ##....       9%          2    ##.....
c - Confuse               Hex            ###.....     8%          3    ###....

Your spell library contained the following spells:

 Spells                   Type           Power        Failure   Level  Hunger
 Tukima's Dance           Hex            ###.....     8%          3    ###....
 Dazzling Spray           Conj/Hex       ##....       19%         3    ###....


Dungeon Overview and Level Annotations

Branches:
Dungeon (3/15)

Altars:
Nemelex Xobeh
Xom


Innate Abilities, Weirdness & Mutations

You are very small and have problems with some larger weapons.
You are too small for most types of armour.
You have supernaturally acute eyesight. (SInv)
You are a herbivore.
You cover ground extremely quickly.
You need to consume almost no food.


Message History

You hit the orc but do no damage.
The orc is heavily wounded.
The orc misses you.
You hit the orc but do no damage.
The orc is heavily wounded.
The orc closely misses you.
You barely miss the orc.
The orc is heavily wounded.
The orc barely misses you.
You hit the orc.
The orc is heavily wounded.
The orc hits you with a +0 club.
* * * LOW HITPOINT WARNING * * *
You hit the orc but do no damage.
The orc is heavily wounded.
The orc closely misses you.
You hit the orc but do no damage.
The orc is heavily wounded.
The orc stops glowing.
The orc hits you with a +0 club.
You die...

.........#.....[
................
..............
....g...#..%###
......o.#.....#
.....[.....>..#
........#)#.#.#
.%....$.#o#
........#@#
........###
........#
........#
.......


You could see an orc.

Vanquished Creatures
  An adder (D:2)
  2 worms (D:2)
  5 dart slugs
  3 leopard geckos (D:1)
  4 orcs (D:3)
  4 bats
  4 giant cockroaches
  8 goblins
  5 hobgoblins
  3 jackals (D:2)
  A quokka (D:2)
  2 frilled lizards (D:1)
  10 kobolds
  6 rats
58 creatures vanquished.

Notes
Turn   | Place    | Note
-------+----------+-------------------------------------------
     0 | D:1      | JeffiDaFish the Spriggan Enchanter began the quest for the
                  | Orb.
     0 | D:1      | Reached XP level 1. HP: 9/9 MP: 5/5
   194 | D:1      | Reached XP level 2. HP: 13/13 MP: 5/7
   275 | D:1      | Learned a level 2 spell: Ensorcelled Hibernation
   708 | D:1      | Reached XP level 3. HP: 6/16 MP: 0/8
  1690 | D:2      | Learned a level 3 spell: Confuse
  2080 | D:2      | Reached skill level 5 in Stealth
  2080 | D:2      | Reached XP level 4. HP: 21/21 MP: 10/10
  2257 | D:2      | Found a shimmering altar of Xom.
  2588 | D:2      | Found a sparkling altar of Nemelex Xobeh.
  2909 | D:3      | Slain by an orc

Vault maps used:
D:1:      dpeg_arrival_boxes_within_box
D:2:      lemuel_coloured_pillars_altar, nicolae_overflow_crystal_walls,
          chequers_decorated_corner
D:3:      gammafunk_temple_overflow_elements, trog_three_pillars_becter

Skill      XL: |  1  2  3  4 |
---------------+-------------+-----
Spellcasting   | 3 4 |  4.0
Hexes          | 4 |  4.3
Stealth        | 5 |  5.1
Short Blades   | |  1.1
Dodging        | |  3.9
Ice Magic      | |  0.8

Action                   |  1- 3 |  4- 6 || total
-------------------------+-------+-------++-------
Melee: Dagger            |   178 |    44 ||   222
 Cast: Corona            |    24 |     4 ||    28
       Ensorcelled Hiber |    24 |    12 ||    36
  Use: Scroll            |     3 |       ||     3
       Potion            |     2 |       ||     2
 Stab: Sleeping          |    19 |    11 ||    30
Armor: Robe              |    11 |       ||    11
Dodge: Dodged            |   174 |    41 ||   215

Table legend:
 A = Non-vault XP
 B = Vault XP
 C = Vault XP percentage of total XP
 D = Non-vault monster count
 E = Vault monster count
 F = Vault count percentage of total count
                 A         B        C        D         E       F
            +---------+---------+-------+---------+---------+-------
      Total |     134 |       0 |   0.0 |      58 |       0 |   0.0
            +---------+---------+-------+---------+---------+-------
        D:1 |      52 |       0 |   0.0 |      29 |       0 |   0.0
        D:2 |      64 |       0 |   0.0 |      23 |       0 |   0.0
        D:3 |      18 |       0 |   0.0 |       6 |       0 |   0.0
            +---------+---------+-------+---------+---------+-------
